Map: Abyssal Reef LE

Players

Schubert - Winner!

  • Race: Terran Terran
  • League: Silver
  • Spawn Location: 11:00

Whiskydog

  • Race: Terran Terran
  • League: Silver
  • Spawn Location: 5:00

VOD

Have the link to the VOD?

Description

Time

  • Played on: June 12, 2017, 11:22 p.m.
  • Length: 23:17
Show
View Real Time Build Order
Export as new Build Order

Schubert Terran - Winner!

Build Orders: 1/1/1 

Get SALT Encoding   

  12  0:01  SCV  
  13  0:18  SCV  
  13  0:19  Supply Depot  
  14  0:28  Refinery  
  14  0:49  Barracks  
  14  0:51  SCV  
  15  1:01  Refinery  
  15  1:03  SCV  
  16  1:14  Supply Depot  
  16  1:15  SCV  
  17  1:27  SCV  
  18  1:37  Factory  
  18  1:40  Barracks Reactor  
  18  1:53  Orbital Command  
  18  2:17  Marine x2  
  20  2:24  Starport  
  20  2:32  Widow Mine  
  22  2:38  Marine  
  22  2:39  Marine  
  24  2:45  Supply Depot  
  24  2:47  SCV  
  25  2:56  Marine x2  
  27  3:00  Widow Mine  
  27  3:04  Medivac  
  31  3:20  Command Center  
  31  3:25  SCV  
  32  3:31  Supply Depot  
  32  3:42  Viking  
  34  3:49  Marine x2  
  34  3:51  SCV  
  37  4:03  SCV  
  32  4:25  Marine x2  
  34  4:33  Medivac  
  34  4:37  SCV  
  34  4:38  Refinery  
  37  4:46  Supply Depot  
  37  4:49  SCV  
  37  4:52  Barracks  
  38  4:59  Factory Tech Lab  
  38  5:01  SCV  
  38  5:02  Engineering Bay  
  38  5:06  Engineering Bay  
  39  5:13  SCV x2  
  41  5:18  Siege Tank  
  44  5:25  SCV x2  
  46  5:34  Terran Infantry Weapons Level 1  
  46  5:37  SCV  
  47  5:42  Refinery  
  47  5:49  Viking, SCV  
  50  5:51  Barracks Tech Lab  
  50  6:00  Terran Infantry Armor Level 1  
  50  6:03  SCV  
  51  6:06  Supply Depot  
  51  6:08  Marine  
  51  6:09  Marine  
  53  6:17  Barracks  
  53  6:22  Combat Shields  
  53  6:26  Marine x2  
  55  6:44  Marine x2  
  55  6:57  Marine  
  55  7:00  Medivac  
  58  7:02  Marine x2  
  58  7:06  Supply Depot  
  60  7:11  Barracks Reactor  
  60  7:15  Marine  
  60  7:20  Marine x2, SCV  
  64  7:24  Command Center  
  64  7:32  SCV  
  64  7:33  Marine  
  66  7:41  Stimpack  
  64  7:44  SCV  
  56  7:56  SCV  
  56  8:05  Cyclone  
  59  8:08  Marine x3  
  59  8:09  Marine x2  
  64  8:12  Viking  
  66  8:25  Armory  
  66  8:26  Marine x4  
  66  8:27  Marine  
  71  8:51  SCV  
  72  8:58  Supply Depot  
  72  9:03  SCV  
  72  9:06  Planetary Fortress  
  72  9:08  Marine x2  
  75  9:12  Marine x2  
  75  9:14  Cyclone  
  75  9:15  SCV  
  75  9:16  Terran Infantry Weapons Level 2  
  81  9:17  Terran Infantry Armor Level 2  
  81  9:26  Marine x2  
  81  9:27  Starport Reactor  
  81  9:29  Marine  
  81  9:30  Marine  
  85  9:35  Supply Depot  
  85  9:44  Marine x2  
  87  9:46  Terran Vehicle And Ship Armor Level 1  
  71  9:58  Supply Depot  
  53  10:02  Marine x2  
  55  10:08  Medivac  
  55  10:09  Medivac  
  55  10:10  Marauder  
  55  10:12  Siege Tank  
  55  10:13  Marine x2  
  66  10:19  Marine  
  66  10:20  Supply Depot, Marine  
  68  10:22  SCV  
  69  10:28  SCV x2  
  69  10:31  Marine  
  69  10:34  SCV  
  73  10:37  Marine  
  73  10:40  SCV  
  73  10:41  SCV  
  76  10:45  Supply Depot  
  76  10:46  Refinery  
  76  10:47  SCV  
  76  10:49  Supply Depot  
  77  10:50  Refinery  
  69  10:59  SCV  
  69  11:11  SCV  
  70  11:14  Medivac  
  70  11:15  Medivac  
  74  11:23  SCV  
  75  11:26  Missile Turret  
  75  11:27  Missile Turret  
  75  11:31  Missile Turret  
  75  11:40  Marine x4  
  75  11:41  Marine  
  80  11:58  Marine x3  
  83  12:05  Terran Infantry Weapons Level 3, Terran Infantry Armor Level 3  
  83  12:06  Marine x2  
  85  12:09  Cyclone  
  85  12:11  Medivac x2  
  92  12:16  Marine x3  
  92  12:17  Orbital Command  
  95  12:30  Marine  
  95  12:33  Marine  
  95  12:34  Marine  
  95  12:35  Terran Vehicle And Ship Armor Level 2  
  98  12:39  SCV  
  98  12:41  Viking x2, Siege Tank  
  106  12:51  Marine  
  106  12:52  Marine  
  106  12:55  Command Center  
  108  13:02  Missile Turret  
  108  13:04  Missile Turret  
  108  13:09  Marine x2  
  69  13:39  Marine x2  
  71  13:44  Missile Turret  
  71  13:55  Thor  
  71  13:57  Marine x2  
  71  13:59  Marine  
  71  14:00  Marine  
  82  14:03  Marauder  
  82  14:05  Concussive Shells  
  83  14:14  Marine  
  83  14:15  Marine  
  85  14:17  Marine x2  
  87  14:25  Marauder  
  89  14:32  Marine x2  
  89  14:34  Missile Turret  
  89  14:35  Marine x2  
  92  14:46  Marauder  
  92  14:50  Marine  
  92  14:52  Medivac x2, Terran Ship Weapons Level 1  
  99  14:58  Marine x3  
  102  15:07  Marauder  
  102  15:08  Marine  
  105  15:16  Marine x3  
  105  15:19  Factory  
  108  15:26  Marine  
  109  15:29  Supply Depot, Marauder  
  109  15:33  Marine  
  109  15:34  Marine x2  
  114  15:36  Command Center  
  114  15:41  Command Center  
  114  15:50  Marauder  
  116  16:12  Marauder  
  67  16:40  Marine  
  67  16:43  Factory Tech Lab  
  68  16:57  Marine  
  68  16:58  Marine x4  
  73  17:02  Thor  
  73  17:04  Viking x2  
  83  17:15  Marine x3  
  83  17:16  Marine x2  
  83  17:17  Supply Depot  
  83  17:20  SCV  
  83  17:22  SCV  
  90  17:32  SCV  
  90  17:33  Marine x5  
  90  17:34  SCV  
  97  17:44  SCV  
  97  17:46  SCV  
  97  17:51  Marine x5  
  99  17:56  SCV  
  99  17:58  Siege Tank, SCV  
  109  18:09  Marine x2, SCV  
  109  18:10  SCV  
  113  18:15  Medivac x2  
  117  18:33  SCV  
  118  18:36  Terran Vehicle And Ship Armor Level 3  
  118  18:38  Building Armor  
  118  18:40  Hi-Sec Auto Tracking  
  118  18:45  SCV  
  119  18:57  SCV  
  120  19:28  Siege Tank  
  123  19:38  Marauder  
  125  19:39  Marine x2  
  125  19:41  Marine x2  
  129  19:57  Marine x2  
  129  19:58  Viking x2, Marine  
  129  19:59  Marauder, Marine  
  139  20:15  Marine x2  
  139  20:16  Marine x2  
  139  20:21  Marauder  
  145  20:27  Thor  
  145  20:28  Viking x2  
  155  20:32  Marine  
  155  20:33  Marine  
  155  20:34  Marine  
  158  20:42  Marauder  
  129  20:58  Viking x2  
  129  21:04  Marauder  
  135  21:09  Thor  
  129  21:24  Marine  
  129  21:25  Marine  
  127  21:26  Marine x2  
  127  21:28  Viking x2  
  133  21:37  Refinery  
  133  21:39  Refinery  
  133  21:40  Command Center  
  133  21:42  Marine x2  
  133  21:44  Marine x2  
  137  21:52  Thor  
  143  21:58  Medivac x2  
  143  22:00  Marine x2  
  149  22:02  Siege Tank, Marine x2  
  154  22:15  Supply Depot  
  154  22:20  Marine  
  154  22:21  Planetary Fortress  
  154  22:22  Planetary Fortress  
  155  22:31  Missile Turret  
  155  22:34  Missile Turret  
  155  22:38  Missile Turret  
  155  22:40  Missile Turret  
  155  22:43  Missile Turret  
  155  22:46  Missile Turret  
  155  22:51  Missile Turret  
  155  22:53  Refinery  
  155  23:01  Refinery  
Show
View Real Time Build Order
Export as new Build Order

Whiskydog Terran 

Build Orders: MMM Bio 

Get SALT Encoding   

  12  0:02  SCV  
  13  0:14  SCV  
  14  0:22  Supply Depot  
  14  0:26  SCV  
  15  0:34  Refinery  
  15  0:44  SCV  
  15  0:46  Barracks  
  16  0:56  SCV  
  17  1:08  SCV  
  18  1:13  Barracks  
  18  1:20  SCV  
  19  1:32  SCV  
  20  1:33  Engineering Bay  
  20  1:35  Barracks Tech Lab  
  20  1:51  Factory  
  20  1:59  Orbital Command  
  20  2:04  Barracks Reactor  
  20  2:09  Marine  
  21  2:22  Supply Depot  
  21  2:26  SCV  
  22  2:32  Marine  
  23  2:41  Terran Infantry Weapons Level 1  
  23  2:46  Marine  
  23  2:48  Barracks, Marine  
  25  2:52  Marine  
  26  3:04  Refinery  
  26  3:21  Barracks  
  26  3:22  Stimpack  
  26  3:26  Marine x3  
  29  3:36  Factory Reactor  
  29  3:49  Barracks Reactor  
  29  3:55  SCV  
  30  4:14  Command Center  
  27  4:30  Starport, SCV  
  28  4:39  Terran Infantry Armor Level 1  
  28  4:41  Barracks Reactor  
  28  4:42  SCV  
  28  4:44  Marine  
  30  4:55  Marine  
  30  4:56  Marine  
  28  5:08  Starport  
  28  5:12  Starport Tech Lab  
  28  5:17  Marine  
  28  5:18  Marine x2  
  31  5:22  Combat Shields  
  31  5:25  Marine  
  31  5:27  Supply Depot  
  32  5:34  Supply Depot  
  31  5:47  SCV  
  32  5:52  Raven  
  32  5:55  Marine x4  
  32  5:56  Marine  
  39  6:18  Marine x3  
  38  6:19  Marine x2  
  38  6:20  Marine  
  38  6:21  Starport Reactor  
  44  6:30  Orbital Command  
  44  6:53  Marine x3  
  44  6:54  Marine x3  
  47  6:55  Marauder  
  50  7:05  Medivac x2  
  54  7:13  Viking  
  56  7:21  SCV x2  
  58  7:27  Marine x3  
  55  7:58  Marine x4  
  56  7:59  Marine  
  56  8:01  Medivac  
  61  8:07  Marine  
  62  8:21  Barracks  
  62  8:25  Barracks  
  62  8:29  Supply Depot  
  62  8:31  Supply Depot  
  62  8:50  Marine x5  
  62  8:51  SCV x2  
  62  8:52  Medivac x2  
  73  8:57  Marine  
  73  8:59  Marauder  
  76  9:03  SCV x2  
  78  9:15  Supply Depot  
  78  9:20  Liberator  
  78  9:23  Supply Depot  
  78  9:25  Concussive Shells  
  78  9:29  Barracks Tech Lab  
  78  9:30  Barracks Tech Lab  
  78  9:37  Marine x3, SCV  
  78  9:38  SCV  
  86  9:49  SCV  
  69  10:16  SCV x2  
  69  10:18  Marine x5  
  69  10:19  Marine  
  77  10:23  Marauder x3  
  89  10:28  Medivac x2, SCV  
  83  10:29  SCV  
  89  10:42  Command Center  
  89  10:44  Marauder x2  
  93  11:00  Marauder  
  86  11:11  Marine x4  
  86  11:12  Marine x2  
  86  11:13  Marauder  
  94  11:29  Barracks  
  94  11:30  Barracks  
  94  11:34  Barracks  
  94  11:38  Supply Depot  
  94  11:41  Supply Depot  
  94  11:42  Supply Depot  
  94  11:43  Marine x4  
  94  11:44  Marauder x2, Marine  
  94  11:45  SCV x2  
  105  11:51  Marine  
  105  11:53  Marauder  
  108  11:56  Medivac  
  108  11:57  SCV  
  111  12:03  Planetary Fortress  
  111  12:21  Refinery  
  111  12:23  Refinery  
  111  12:28  Refinery  
  111  12:29  Refinery  
  111  12:42  Barracks Reactor  
  111  12:43  Barracks Reactor  
  111  12:44  Barracks Reactor  
  111  13:05  SCV  
  111  13:06  SCV x2  
  111  13:08  Marine  
  111  13:09  Marine x4  
  111  13:10  Marine  
  111  13:11  Marauder  
  111  13:12  Marauder x2  
  126  13:18  SCV x3  
  114  13:33  Marauder  
  114  13:51  Command Center  
  114  13:55  SCV x3  
  117  13:57  Marine x3  
  117  13:58  Marine x4  
  117  13:59  Marine  
  117  14:00  Marauder x2  
  117  14:01  Marauder, Marine x3  
  134  14:06  Medivac x2  
  134  14:07  SCV x3  
  141  14:15  Starport x2  
  141  14:30  SCV  
  142  14:31  Marine  
  142  14:32  Marine x6  
  149  14:42  Supply Depot, SCV  
  149  14:43  Supply Depot x2  
  150  15:07  Orbital Command  
  150  15:09  Marine x4  
  150  15:10  Marine x4  
  150  15:11  Marine  
  150  15:13  SCV  
  160  15:28  SCV x3  
  163  15:40  SCV x3  
  166  15:50  Marine x3  
  166  15:51  Marine x6  
  166  15:52  Marauder x3, Marine x3  
  121  16:41  Marine x4  
  121  16:42  Marine x6  
  121  16:43  Marine  
  121  16:44  Marauder x2  
  121  16:45  Marauder  
  138  17:00  Armory  
  138  17:03  Fusion Core  
  138  17:12  SCV x2  
  138  17:13  SCV x2  
  138  17:15  Liberator  
  142  17:17  Marine x2  
  142  17:18  Marine x2  
  146  17:23  Starport Tech Lab  
  146  17:24  SCV  
  146  17:26  Starport Reactor  
  146  17:29  Medivac  
  148  17:30  Medivac  
  154  17:42  Marine x4  
  154  17:43  Command Center, Marine x4  
  154  17:44  Marine x3  
  163  17:45  Marauder, Marine  
  163  17:46  Marauder, Marine  
  171  17:51  Battlecruiser  
  177  18:00  SCV x3  
  177  18:01  SCV  
  181  18:06  Marine x2  
  181  18:07  Marine x4  
  181  18:08  Marine x3  
  181  18:09  Marine  
  181  18:10  Marine  
  181  18:11  Marine  
  194  18:15  Marauder x2  
  197  18:23  Engineering Bay  
  197  18:31  High Capacity Fuel Tanks  
  197  18:39  Weapon Refit  
  197  18:45  Marine x3  
  133  21:21  Marine x2  
  133  21:22  Marine x5  
  133  21:23  Marine x5  
  145  21:39  Marine x4  
  147  21:45  Marine x4  
  147  21:46  Marine x2  
  155  21:49  Barracks Reactor  
  155  21:57  Barracks  
  155  22:01  Barracks x2  
  155  22:08  Marine x2  
  155  22:09  Marine x6  
  155  22:10  Marine x2  
  155  22:13  Barracks Reactor  
  165  22:20  Medivac x2  
  169  22:26  Marine  
  169  22:28  Marine x5  
  175  22:44  Marine x3  
  175  22:45  Marine x3  
Tags
 
Composition
MMM Bio
Matchup
TvT
Opening
1/1/1
Race
Terran
Replay Pack
SIII
Spawn Locations
Cross Positions
Add a new tag
Caveats
  • Supply blocks, unpowered buildings, or Contaminate may cause inaccurate times.
  • Supply counts are checked every 10 seconds.